 Dungeon Crawl Stone Soup version 0.30.1-11-g7821555f0a (webtiles) character file.

Game seed: 16012871551817238358

126 H0rd4k the Charlatan (level 5, -2/33 HPs)
             Began as an Octopode Artificer on Nov 27, 2023.
             Killed from afar by an orc wizard (9 damage)
             ... with a magic dart
             ... on level 3 of the Dungeon.
             The game lasted 00:03:01 (1472 turns).

H0rd4k the Charlatan (Octopode Artificer)           Turns: 1472, Time: 00:03:01

Health: -2/33      AC:  1    Str: 14    XL:     5   Next: 10%
Magic:  5/5        EV: 13    Int: 16    God:
Gold:   64         SH:  0    Dex: 12    Spells: 4/4 levels left

rFire   . . .        p - +5 hammer of the Shimmering Gnat {heavy, rElec Str+3}
rCold   . . .        (no shield)
rNeg    . . .        (helmet restricted)
rPois   .            (no amulet)
rElec   +            (no ring)
rCorr   .            (no ring)
SInv    .            (no ring)
Will    .....        (no ring)
Stlth   +++          (no ring)
HPRegen 0.25/turn    (no ring)
MPRegen 0.09/turn    (no ring)
                     (no ring)

%: no passive effects
@: no status effects
A: almost no armour, amphibious, 8 rings, camouflage 1, gelatinous body 1,
(nimble swimmer 1), tentacles
a: no special abilities


You were on level 3 of the Dungeon.
You visited 1 branch of the dungeon, and saw 3 of its levels.

You collected 64 gold pieces.

Inventory:

Hand Weapons
 g - a +1 short sword of venom
 p - the +5 hammer of the Shimmering Gnat (weapon) {heavy, rElec Str+3}
   (You found it on level 2 of the Dungeon)

   Str:       It affects your strength (+3).
   rElec:     It insulates you from electricity.
Magical Staves
 k - a staff of conjuration
Jewellery
 j - a ring of wizardry
Wands
 b - a wand of flame (40) (quivered)
 c - a wand of charming (15)
 d - a wand of iceblast (2)
Scrolls
 a - a scroll of summoning {unknown}
 e - 3 scrolls of identify {unknown}
 f - a scroll of acquirement {unknown}
 i - a scroll of teleportation {unknown}
 l - a scroll of fear {unknown}
 m - a scroll of magic mapping {unknown}
Potions
 h - a potion of brilliance {unknown}
 n - a potion of degeneration {unknown}
 o - a potion of lignification {unknown}


   Skills:
 + Level 1.5 Fighting
 + Level 0.1 Maces & Flails
 - Level 2.3 Dodging
 - Level 1.3 Stealth
 + Level 2.4 Unarmed Combat
 + Level 5.1 Evocations


You had 4 spell levels left.
You didn't know any spells.
Your spell library contained the following spells:

 Spells                   Type           Power      Damage    Failure   Level
 Cigotuvi's Dreadful Rot  Necr/Pois/Air  0%         N/A       36%         2
 Lesser Beckoning         Tloc           0%         N/A       36%         2
 Gell's Gravitas          Tloc           0%         N/A       58%         3
 Teleport Other           Tloc           0%         N/A       58%         3
 Dispel Undead            Necr           0%         3d6       94%         4
 Death Channel            Necr           0%         N/A       100%        6


Dungeon Overview and Level Annotations

Branches:
Dungeon (3/15)

Altars:

Shops:
D:2 (**


Innate Abilities, Weirdness & Mutations

You cannot wear most types of armour.
You are amphibious.
You can wear up to eight rings at the same time.
Your skin changes colour to match your surroundings (Stealth+).
Your rubbery body absorbs attacks. (AC +1, EV +1)
((You are camouflaged when in or above water. (Stealth+)))
You have tentacles for arms and can constrict up to eight enemies at once.


Message History

Ijyb is moderately wounded.
You constrict Ijyb! The orc barely misses you. Ijyb misses you.
Ijyb zaps a wand.
You resist with some effort. The orc hits you with a +0 hand axe.
You hit Ijyb. You squeeze Ijyb, but do no damage.
Ijyb is almost dead.
You constrict Ijyb.
You kill Ijyb!
The orc hits you with a +0 hand axe. The orc barely misses you. x2
The orc hits you with a +0 short sword. The endoplasm freezes you.
You are frozen.
You have reached level 5!
You feel clever. The orc attacks as you move away!
The orc completely misses you. The orc attacks as you move away!
The orc hits you with a +0 hand axe.
You hit the endoplasm.
The endoplasm is severely wounded.
The endoplasm hits you. The endoplasm freezes you.
You are frozen.
You sock the endoplasm!
You kill the endoplasm!
The orc barely misses you.
You sock the orc!
You kill the orc!
You hear some strange, mumbled words.
Something tries to affect you, but you resist.
You miss something. Your squeeze misses something.
You hear some strange, mumbled words.
A puff of flame appears from out of thin air!
The puff of flame hits you!
* * * LOW HITPOINT WARNING * * *
You hear some strange, mumbled words.
Something tries to affect you, but you resist.
You closely miss something.
You hear some strange, mumbled words.
A magic dart appears from out of thin air!
The magic dart hits you!
You die...

#..# .. ### #..# ..#
... ...###..#
.###.##........
.......{.......
........)......
#........
#############........
#.)........@{o.......
#.###########.......#
####.........
#........
#............
.........
####.########
#.####... #.# #.# ...
#.# #.# .. #.# .# #.#


You could see an orc.

Vanquished Creatures
  Crazy Yiuf (D:2)
  Jessica (D:2)
  Ijyb (D:3)
  A dart slug (D:1)
  An orc (D:3)
  2 endoplasms
  A giant cockroach (D:1)
  5 goblins
  4 jackals (D:1)
  5 kobolds
  2 quokkas (D:1)
  5 ball pythons
  7 bats
  3 frilled lizards
  4 rats
43 creatures vanquished.

Notes
Turn   | Place    | Note
-------+----------+-------------------------------------------
     0 | D:1      | H0rd4k the Octopode Artificer began the quest for the Orb.
     0 | D:1      | Reached XP level 1. HP: 13/13 MP: 1/1
    91 | D:1      | Reached XP level 2. HP: 9/18 MP: 2/2
   169 | D:1      | Reached skill level 4 in Evocations
   351 | D:1      | Reached XP level 3. HP: 12/23 MP: 3/3
   719 | D:2      | Noticed Jessica
   721 | D:2      | Killed Jessica
   722 | D:2      | Reached skill level 1 in Unarmed Combat
   722 | D:2      | Reached XP level 4. HP: 28/28 MP: 4/4
   785 | D:2      | Found Just's General Store.
   811 | D:2      | Found Luirrany's General Store.
   847 | D:2      | Found Gelissas's Weapon Shoppe.
   908 | D:2      | Found a runed translucent door.
   909 | D:2      | Noticed Crazy Yiuf
  1372 | D:2      | Killed Crazy Yiuf
  1373 | D:2      | Reached skill level 5 in Evocations
  1376 | D:2      | Identified the +5 hammer of the Shimmering Gnat {heavy,
                  | rElec Str+3}
  1459 | D:3      | Noticed Ijyb
  1464 | D:3      | Killed Ijyb
  1465 | D:3      | Reached XP level 5. HP: 17/33 MP: 5/5
  1472 | D:3      | Killed from afar by an orc wizard

Illustrated notes

Levels and vault maps discovered:
D:1:      minmay_arrival_wavy_path, layout_basic
D:2:      layout_basic, serial_shops, shop, shop, nicolae_shop_rolling_square,
          uniq_crazy_yiuf_cottage, uniq_jessica
D:3:      layout_basic, basic_ecumenical_altar, uniq_robin, uniq_ijyb

Skill      XL: |  1  2  3  4 |
---------------+-------------+-----
Evocations     | 4 5 |  5.1
Unarmed Combat | 1 2 |  2.4
Fighting       | |  1.5
Maces & Flails | |  0.1
Dodging        | |  2.3
Stealth        | |  1.3

Action                     |  1- 3 |  4- 6 || total
---------------------------+-------+-------++-------
  Melee: Unarmed           |    66 |    16 ||    82
         Constrict         |    22 |     6 ||    28
         Tentacles         |    11 |     6 ||    17
         Mace              |       |    10 ||    10
         Punch             |       |     1 ||     1
  Evoke: Wand              |     3 |     2 ||     5
   Stab: Sleeping          |     4 |     6 ||    10
 Armour: Skin              |    13 |     1 ||    14
  Dodge: Dodged            |    67 |    13 ||    80
